 Dungeon Crawl Stone Soup version 0.30-b1-2-g02819fbbbe (webtiles) character file.

Game seed: 5129577245290250545

1 vatarom the Magician (level 1, 0/15 HPs)
             Began as a Djinni Fire Elementalist on June 12, 2023.
             Slain by a bat (1 damage)
             ... on level 1 of the Dungeon.
             The game lasted 00:00:48 (91 turns).

vatarom the Magician (Djinni Fire Elementalist)       Turns: 91, Time: 00:00:48

Health: 0/15       AC:  2    Str:  7    XL:     1   Next: 22%
Gold:   0          EV: 12    Int: 16    God:
                   SH:  0    Dex: 13

rFire   + + .        (no weapon)
rCold   x . .        (no shield)
rNeg    . . .        a - +0 robe
rPois   ∞            (no helmet)
rElec   .            (no cloak)
rCorr   .            (no gloves)
SInv    .            (boots unavailable)
Will    .....        (no amulet)
Stlth   ++           (no ring)
HPRegen 0.22/turn    (no ring)
MPRegen 0.00/turn

%: infuse magic (-1 HP)
@: flying
A: sickness immunity, fire resistance 2, cold vulnerability 1, float, innate
caster, HP casting, extra vitality 1
a: no special abilities


You were on level 1 of the Dungeon.
You visited 1 branch of the dungeon, and saw 1 of its levels.

Inventory:

Armour
 a - a +0 robe (worn)


   Skills:
 + Level 2.2 Dodging
 + Level 1.6 Stealth
 + Level 2.4 Spellcasting


You knew the following spells:

 Your Spells              Type           Power      Damage    Failure   Level
a - Foxfire               Conj/Fire      36%        2x1d5     8%          1
b - Scorch                Fire           18%        2d5       11%         2
c - Volatile Blastmotes   Fire/Tloc      18%        2d11      22%         3
d - Inner Flame           Hex/Fire       9%         N/A       22%         3
e - Flame Wave            Conj/Fire      9%         2d6       58%         4
Your spell library was empty.

Dungeon Overview and Level Annotations

Branches:
Dungeon (1/15)

Altars:


Innate Abilities, Weirdness & Mutations

You are immune to sickness and miasma.
You are immune to poison.
Your flesh is very heat resistant. (rF++)
You are vulnerable to cold. (rC-)
You float through the air rather than walking.
You learn spells naturally, not from books.
Your magical power is your life essence.
You have superior vitality. (+4 MHP)


Message History

The hobgoblin attacks as you move away! The hobgoblin hits you.
* * * LOW HITPOINT WARNING * * *
The bat barely misses you. The bat attacks as you move away!
The bat barely misses you. The bat hits you but does no damage.
You see here a pink potion.
The bat attacks as you move away! The bat barely misses you. x2
The bat misses you. The bat closely misses you.
The bat hits you but does no damage. The bat attacks as you move away!
The bat misses you. The bat hits you. The bat barely misses you.
The bat hits you but does no damage. The bat hits you but does no damage.
The bat barely misses you. The bat barely misses you.
You are too injured to fight recklessly!
The bat hits you. The hobgoblin barely misses you.
The bat attacks as you move away! The bat closely misses you. x2
The hobgoblin barely misses you. The hobgoblin attacks as you move away!
The hobgoblin hits you. The bat hits you but does no damage.
The hobgoblin attacks as you move away! The hobgoblin closely misses you.
The bat hits you but does no damage.
You closely miss the hobgoblin. The bat hits you but does no damage.
The hobgoblin misses you. The bat hits you but does no damage.
The hobgoblin hits you.
* * * LOW HITPOINT WARNING * * *
The bat hits you but does no damage. The bat attacks as you move away!
The bat hits you.
* * * LOW HITPOINT WARNING * * *
The bat hits you.
* * * LOW HITPOINT WARNING * * *
The bat hits you but does no damage. The bat hits you but does no damage.
The hobgoblin barely misses you. The bat misses you.
Unknown command.
The hobgoblin attacks as you move away! The hobgoblin hits you.
* * * LOW HITPOINT WARNING * * *
The bat hits you.
You die...

#.......# .. ......
#.......# ###.##......
#..†....+ ..#.........
#.......# #.#..#.....
+......^# #####.#......
#.......###.....#....#
##......##...#...#...#
##........P.......####
#####.P♣.gb@.♣P...♣♣...###
#........♣=........P.....#
#.#.....♣P...♣P..♣!...♣#.#
###..............PP## #
#######P...####### #....#
##''## #+##P...##+#
#..........#


You could see a hobgoblin and a bat.

Vanquished Creatures
  A ball python (D:1)
1 creature vanquished.

Notes
Turn   | Place    | Note
-------+----------+-------------------------------------------
     0 | D:1      | vatarom the Djinni Fire Elementalist began the quest for
                  | the Orb.
     0 | D:1      | vatarom set off with the following spells memorised:
                  | Foxfire, Scorch, Volatile Blastmotes, Inner Flame, Flame
                  | Wave.
     0 | D:1      | Reached XP level 1. HP: 15/15 MP: 0/0
    91 | D:1      | Slain by a bat

Illustrated notes

Levels and vault maps discovered:
D:1:      denvon_arrival_planthouse, layout_basic

Action                     || total
---------------------------++-------
  Melee: Unarmed           ||    17
   Stab: Sleeping          ||     1
 Armour: Robe              ||    15
  Dodge: Dodged            ||    43
